 Dungeon Crawl Stone Soup version 0.24.0-123-gd5b16e6ec5 (webtiles) character file.

Game seed: 11972960866937357649, levelgen mode: deterministic

29 mortelune the Skirmisher (level 3, -3/30 HPs)
             Began as a Formicid Abyssal Knight on Dec 21, 2019.
             Was a Follower of Lugonu.
             Slain by a hornet zombie (8 damage)
             ... on level 2 of the Dungeon.
             The game lasted 00:02:31 (1526 turns).

mortelune the Skirmisher (Formicid Abyssal Knight)  Turns: 1526, Time: 00:02:31

Health: -3/30      AC:  3    Str: 17    XL:     3   Next: 32%
Magic:  4/4        EV: 11    Int: 11    God:    Lugonu [*.....]
Gold:   133        SH:  0    Dex: 10    Spells: 2/2 levels left

rFire    . . .     SeeInvis +   a - +1 falchion
rCold    . . .     Gourm    .   (no shield)
rNeg     . . .     Faith    .   b - +0 leather armour
rPois    .         Spirit   .   (helmet unavailable)
rElec    .         Reflect  .   (no cloak)
rCorr    .         Harm     .   (no gloves)
MR       .....                  (no boots)
Stlth    +.........             e - amulet of regeneration
HPRegen  0.50/turn              (no ring)
MPRegen  0.09/turn              (no ring)

@: no status effects
A: permanent stasis, dig shafts and tunnels, four strong arms, antennae 3
a: Dig, Shaft Self, Depart the Abyss, Renounce Religion


You were on level 2 of the Dungeon.
You worshipped Lugonu.
Lugonu was aware of your devotion.
You were not hungry.

You visited 1 branch of the dungeon, and saw 2 of its levels.
You visited the Abyss 1 time.

You collected 133 gold pieces.

Inventory:

Hand Weapons
 a - a +1 falchion (weapon)
 g - a +0 whip of electrocution
Missiles
 n - 5 atropa-tipped darts (quivered)
Armour
 b - a +0 leather armour (worn)
Jewellery
 e - an amulet of regeneration (around neck)
Scrolls
 d - a scroll of fear {unknown}
 f - 2 scrolls of magic mapping {unknown}
 i - 6 scrolls of identify {unknown}
 j - a scroll of fog {unknown}
 l - a scroll of random uselessness {unknown}
 m - a scroll of teleportation {unknown}
 o - 2 scrolls of remove curse {unknown}
Potions
 k - a potion of degeneration {unknown}
Comestibles
 c - 9 rations


   Skills:
 + Level 3.8 Fighting
 + Level 2.5 Long Blades
 + Level 2.8 Armour
 - Level 0.8 Dodging
 - Level 2.1 Invocations


You had 2 spell levels left.
You didn't know any spells.
Your spell library was empty.

Dungeon Overview and Level Annotations

Branches:
Dungeon (2/15)

Altars:
Gozag

Shops:
D:2 *


Innate Abilities, Weirdness & Mutations

You cannot be hasted, slowed, berserked, paralysed or teleported.
You can dig through walls and to a lower floor.
Your four strong arms can wield two-handed weapons with a shield.
You have a pair of large antennae on your head. (SInv)


Message History

The hornet zombie completely misses you.
The frilled lizard bites you.
You hit the hornet zombie but do no damage.
The hornet zombie is moderately damaged.
The hornet zombie hits you! The frilled lizard bites you.
You barely miss the hornet zombie.
The hornet zombie is moderately damaged.
The hornet zombie hits you!
* * * LOW HITPOINT WARNING * * *
The frilled lizard bites you.
* * * LOW HITPOINT WARNING * * *
The hornet zombie closely misses you.
You riposte.
You hit the hornet zombie.
The hornet zombie is heavily damaged.
The hornet zombie closely misses you. The hornet zombie barely misses you.
You riposte.
You hit the hornet zombie.
The hornet zombie is heavily damaged.
It was a potion of berserk rage.
Your stasis prevents you from going berserk.
The hornet zombie hits you!
You die...

####### #.<...# #########
#.....# #........ #....[#
#....$... #.....# #........ #
#.....### ###########........ #
#.......###...@Zl............
###..>........#######.#########
.##........#### ####.>#
........#..## ###....##
..#.(...#...###...####
#.########......### #..###
#...##### ...[.####.#..####
##.........#....#####


You could see a hornet zombie and a frilled lizard.

Vanquished Creatures
  An ooze (D:1)
  A dart slug (D:1)
  A leopard gecko (D:2)
  A bat (D:1)
  A giant cockroach (D:1)
  6 goblins (D:1)
  A hobgoblin (D:1)
  A quokka (D:2)
  2 kobolds (D:1)
  6 rats
21 creatures vanquished.

Notes
Turn   | Place    | Note
-------+----------+-------------------------------------------
     0 | Abyss:1  | mortelune the Formicid Abyssal Knight began the quest for
                  | the Orb.
     0 | Abyss:1  | Reached XP level 1. HP: 18/18 MP: 2/2
    53 | Abyss:1  | Found a corrupted altar of Lugonu.
    68 | Abyss:1  | Noticed an orange demon
    69 | D:1      | Escaped the Abyss
   227 | D:1      | Reached XP level 2. HP: 19/24 MP: 3/3
   233 | D:1      | Reached * piety under Lugonu
   585 | D:1      | Reached XP level 3. HP: 30/30 MP: 4/4
  1227 | D:2      | Found an opulent altar of Gozag.
  1231 | D:2      | Found Gozag's Platinum Reserve.
  1518 | D:2      | HP: 1/30 [frilled lizard (2)]
  1526 | D:2      | Slain by a hornet zombie

Levels and vault maps discovered:
D:1:      minmay_arrival_four_loops, layout_basic
D:2:      layout_rooms, first_ration, nicolae_gozag_zags_fifth_avenue

Action                   || total
-------------------------++-------
Melee: Falchion          ||    58
Invok: Depart the Abyss  ||     1
  Use: Potion            ||     2
 Stab: Sleeping          ||     1
  Eat: Chunk             ||     2
Armor: Leather armour    ||    11
Dodge: Dodged            ||    41
       Rpst.: Falchion   ||    17
